 Dungeon Crawl Stone Soup version 0.22.0-38-g04b72b8 (webtiles) character file.

305992 shmeve the Peltast (level 20, -18/191 HPs)
             Began as a Minotaur Fighter on Aug 26, 2018.
             Was the Champion of Trog.
             Killed from afar by a fire dragon (24 damage)
             ... with a blast of flame
             ... on level 4 of the Vaults on Aug 27, 2018.
             The game lasted 02:10:45 (35936 turns).

shmeve the Peltast (Minotaur Fighter)              Turns: 35936, Time: 02:10:46

Health: -18/191    AC: 19    Str: 35    XL:     20   Next: 29%
Magic:  0/6        EV: 14    Int:  5    God:    Trog [******]
Gold:   2383       SH: 22    Dex: 10    Spells: 19/19 levels left

rFire    . . .     SeeInvis .   i - +6 war axe (antimagic)
rCold    + . .     Gourm    .   b - +1 shield {AC+3}
rNeg     . . .     Faith    .   F - +2 plate armour {rC+}
rPois    .         Spirit   +   t - +2 hat
rElec    .         Reflect  +   J - scarf {Spirit}
rCorr    .         Harm     .   N - +0 pair of gloves {archery}
MR       +++..                  G - +0 pair of boots {Stlth+}
Stlth    ..........             r - +4 amulet of reflection
HPRegen  1.41/turn              j - +2 ring of slaying
MPRegen  0.10/turn              H - +5 ring of protection

@: mighty, corroded, berserk cooldown, regenerating
A: retaliatory headbutt, horns 2
}: 2/15 runes: decaying, gossamer
a: Berserk, Trog's Hand, Brothers in Arms, Renounce Religion


You were on level 4 of the Vaults.
You worshipped Trog.
Trog was exalted by your worship.
You were not hungry.

You visited 7 branches of the dungeon, and saw 36 of its levels.
You also visited: Bailey.

You collected 3218 gold pieces.
You spent 835 gold pieces at shops.

Inventory:

Hand Weapons
 i - a +6 antimagic war axe (weapon)
 p - a +2 broad axe of electrocution
 R - a +3 broad axe of flaming
Missiles
 h - 6 javelins of returning (quivered)
 u - 12 javelins of penetration
 L - 4 throwing nets
Armour
 b - a +1 shield of protection (worn)
 t - a +2 hat (worn)
 y - a +2 cloak of invisibility
 F - a +2 plate armour of cold resistance (worn)
 G - a +0 pair of boots of stealth (worn)
 J - a scarf of spirit shield (worn)
 N - a +0 pair of gloves of archery (worn)
Jewellery
 j - a +2 ring of slaying (left hand)
 r - a +4 amulet of reflection (around neck)
 s - an uncursed ring of resist corrosion
 x - an uncursed ring of protection from magic
 A - the ring of Moodiness {Fire Int+4, unknown}
   (You took it off an ironheart preserver on level 1 of the Vaults)

   [ring of fire]

   It enhances your fire magic.
   It affects your intelligence (+4).
   It protects you from fire.
   It makes you vulnerable to cold.
 H - a +5 ring of protection (right hand)
 I - an uncursed ring of protection from magic
 P - an uncursed ring of positive energy
 W - an uncursed ring of protection from cold
Wands
 O - a wand of digging (19)
 V - a wand of disintegration (52)
Scrolls
 a - 5 scrolls of fog
 c - 4 scrolls of fear
 g - 6 scrolls of magic mapping
 l - 8 scrolls of enchant armour
 n - 11 scrolls of identify
 o - 6 scrolls of teleportation
 w - 2 scrolls of blinking
 B - a scroll of holy word {unknown}
 M - 13 scrolls of remove curse
 T - a scroll of summoning
 X - 6 scrolls of enchant weapon
Potions
 d - 2 potions of ambrosia
 e - 17 potions of curing
 k - 4 potions of agility
 m - 6 potions of brilliance
 v - 9 potions of might
 z - 3 potions of resistance
 D - 7 potions of lignification
 E - a potion of cancellation
 Q - 2 potions of haste
 S - 3 potions of invisibility
 U - 2 potions of flight
Comestibles
 f - 30 rations
 q - 7 chunks of flesh


   Skills:
 * Level 19.2 Fighting
 * Level 19.2 Axes
 * Level 16.5 Throwing
 + Level 14.4 Armour
 + Level 13.2 Dodging
 * Level 19.3 Shields


You had 19 spell levels left.
You didn't know any spells.
Your spell library was empty.

Dungeon Overview and Level Annotations

Branches:
Dungeon (15/15)            Temple (1/1) D:5            Lair (6/6) D:11
  Swamp (4/4) Lair:2       Spider (4/4) Lair:3        Slime (0/5) Lair:6
    Orc (2/2) D:9             Elf (0/3) Orc:2        Vaults (4/5) D:14
  Crypt (0/3) Vaults:3     Depths (0/5) D:15

Altars:
Ashenzari
Cheibriados
Dithmenos
Fedhas
Gozag
Hepliaklqana
Kikubaaqudgha
Makhleb
Qazlal
Ru
Trog
Vehumet
Wu Jian
Xom
Zin
The Shining One
Beogh
Jiyva

Shops:
D:8 }%?%   D:11 [   D:14 !   D:15 %   Orc:2 ![(*   Vaults:2 :


Innate Abilities, Weirdness & Mutations

You reflexively headbutt those who attack you in melee.
You have a pair of horns on your head.


Message History

The ironheart preserver is almost dead.
You hit the fire dragon but do no damage.
You slash the brown ugly thing!
The brown ugly thing pecks you but does no damage.
You block the fire dragon's attack. x3
You slash the ironheart preserver!
You kill the ironheart preserver!
Trog accepts your kill.
Trog appreciates your killing of a magic user.
You completely miss the fire dragon. You barely miss the brown ugly thing.
The vault sentinel blows a loud note on a signal horn!
Unknown command.
You slice the yaktaur!! You headbutt the yaktaur!
The yaktaur is almost dead.
You hit the fire dragon. You barely miss the brown ugly thing.
You block the brown ugly thing's attack.
The vault sentinel blows a loud note on a signal horn!
The fire dragon breathes flames at you. The blast of flame misses you.
The blast of flame hits you!
You die...

. ..
##'###############
...........(p.pD@#
......ยง...)...acu#
.....D.........pp#
...u......)......#
...D.............#
.................#
.................+
)................+
(................#


You could see a fire dragon, an entropy weaver, a brown ugly thing, 2 vault
sentinels, 2 ironbrand convokers and a yaktaur.

Vanquished Creatures
  Boris (Vaults:2)
  Saint Roka (Orc:2)
  Arachne (Spider:4)
  A bone dragon (Swamp:4)
  Jorgrun (Spider:2)
  Rupert (Orc:2)
  A tentacled monstrosity (Vaults:3)
  A sphinx (Vaults:3)
  4 thorn hunters
  A tengu reaver (Vaults:4)
  A fire giant (Vaults:3)
  3 emperor scorpions (Spider:4)
  2 ghost moths
  6 vault wardens
  8 ironheart preservers
  4 very ugly things (Vaults:4)
  7 entropy weavers
  A deep elf demonologist (Vaults:1)
  6 stone giants
  2 deep elf annihilators (Vaults:1)
  A dire elephant (D:15)
  2 spark wasps (Spider:4)
  An eidolon (Vaults:3)
  2 ettins (Vaults:4)
  A ragged hierophant (Vaults:1)
  3 yaktaur captains
  10 ogre magi
  4 great orbs of eyes
  3 vault guards (Vaults:3)
  8 hydras
  4 ghost crabs (Swamp:4)
  2 ice dragons
  Erica (D:9)
  A death knight (Vaults:4)
  3 tengu warriors
  4 catoblepae
  4 centaur warriors
  26 two-headed ogres
  The ghost of shummie the Cleaver, a novice MiBe of Trog (D:8)
  20 death yaks
  9 alligators
  2 deep troll shamans (Vaults:3)
  A deep troll earth mage (Vaults:2)
  A vampire mage (Vaults:3)
  An orc high priest (Orc:2)
  24 skeletal warriors
  3 deep elf knights
  A fire crab (shapeshifter) (D:14)
  An unseen horror (shapeshifter) (Vaults:4)
  6 deep trolls
  4 swamp dragons
  5 unseen horrors
  3 wizards
  2 spriggan druids
  A shadow demon (Swamp:4)
  4 spectral hydras (Swamp:4)
  2 shambling mangroves (Swamp:2)
  2 glowing orange brains
  17 orc knights
  4 deep elf archers
  9 ironbrand convokers
  4 phantasmal warriors
  2 necromancers
  A spectral wolf spider (Spider:1)
  The ghost of Moonstruck the Chopper, a novice VSFi of Okawaru (D:7)
  28 ugly things
  23 orb spiders
  36 wolf spiders
  A wolf spider zombie (D:14)
  5 cyclopes
  3 deep elf magi
  7 manticores
  3 orc sorcerers
  2 moths of wrath
  4 centaur zombies
  11 vault sentinels
  A black mamba (shapeshifter) (Vaults:4)
  A spiny frog (shapeshifter) (Vaults:1)
  15 spiny frogs
  3 torpor snails
  5 swamp worm zombies (Swamp:4)
  4 centaur skeletons
  A rime drake (shapeshifter) (Vaults:3)
  13 demonic crawlers
  A rime drake (Lair:3)
  2 freezing wraiths
  A kobold demonologist (D:12)
  12 komodo dragons
  21 yaktaurs
  An efreet (D:15)
  A human skeleton (Vaults:1)
  7 trolls
  A tengu conjurer (D:15)
  A troll (shapeshifter) (Vaults:1)
  4 hydra zombies (Swamp:4)
  6 meliai
  20 jumping spiders
  9 tyrant leeches
  A queen bee (Lair:4)
  A polar bear (shapeshifter) (Vaults:4)
  A spectral tarantella (Spider:1)
  2 alligator zombies (Swamp:4)
  A merfolk (D:9)
  2 saltlings (Vaults:1)
  14 hornets
  19 blink frogs
  Prince Ribbit (D:9)
  8 hippogriffs
  A hornet (shapeshifter) (Vaults:3)
  9 bog bodies
  28 slime creatures
  7 dream sheep (Lair:6)
  A frost giant simulacrum (Vaults:3)
  2 spectral swamp dragons (Swamp:4)
  78 redbacks
  4 spriggans
  Sigmund (D:4)
  51 tarantellas
  2 wraiths
  4 shadows
  A human (shapeshifter) (D:13)
  4 wyverns
  A hog (shapeshifter) (Vaults:1)
  59 yaks
  3 basilisks
  A steam dragon (D:13)
  11 vampire mosquitoes
  4 hungry ghosts
  An ogre zombie (Vaults:1)
  8 insubstantial wisps (Swamp:4)
  4 wargs
  3 soldier ants
  12 swamp worms
  A water moccasin (shapeshifter) (Vaults:1)
  15 porcupines
  9 water moccasins
  57 orc warriors
  A tarantella simulacrum (Spider:1)
  4 swamp drakes
  6 ice beasts
  A hornet zombie (D:14)
  2 sky beasts
  A black bear (D:12)
  10 phantoms
  An eye of draining (D:11)
  19 ogres
  An eye of draining (shapeshifter) (Vaults:1)
  10 boggarts
  3 swamp dragon zombies (Swamp:4)
  8 centaurs
  10 crocodiles
  19 bullfrogs
  An orb spider simulacrum (Spider:1)
  A wyvern zombie (D:8)
  3 wyvern skeletons
  3 scorpions
  An orc simulacrum (Vaults:1)
  An elf simulacrum (Vaults:3)
  29 killer bees
  6 electric eels
  15 wights
  4 howler monkeys
  7 crimson imps
  4 quasits
  2 hounds
  21 orc priests
  3 bullfrog skeletons
  3 jellies
  3 iguanas
  28 orc wizards
  7 worker ants
  2 hell rats (D:11)
  A killer bee zombie (D:9)
  2 hound zombies
  10 gnolls
  12 adders
  A river rat (D:11)
  2 swamp drake zombies (Swamp:4)
  4 shadow imps
  3 oozes
  An adder zombie (D:8)
  An adder skeleton (D:5)
  A worm (D:2)
  4 dart slugs
  7 leopard geckos
  156 orcs
  4 bats
  5 giant cockroaches
  9 goblins
  9 hobgoblins
  11 jackals
  6 quokkas
  A ball python (D:4)
  A ball python skeleton (D:4)
  3 frilled lizards
  A jackal zombie (D:9)
  9 kobolds
  A quokka skeleton (D:4)
  3 rats
  2 fungi
  A plant (Lair:6)
1460 creatures vanquished.

Vanquished Creatures (collateral kills)
  The ghost of TheOneDM the Executioner, an adept DDGl of Makhleb (Spider:1)
  A vault warden (Vaults:3)
  A deep elf knight (Vaults:3)
  A spectral ghost moth (Spider:1)
  A flayed ghost (Vaults:3)
  2 spectral jumping spiders (Spider:1)
  A tarantella simulacrum (Spider:1)
  A spectral hornet (Spider:1)
  4 orc warriors (Orc:2)
  2 orc priests (Orc:2)
  2 orc wizards (Orc:2)
  3 orcs (Orc:2)
20 creatures vanquished.

Vanquished Creatures (others)
  A ghost moth (Spider:4)
  A stone giant (Vaults:4)
  2 yaktaur captains (Vaults:4)
  An alligator (Swamp:4)
  A deep elf knight (Vaults:4)
  A deep elf archer (Vaults:1)
  A cyclops (D:13)
  A yaktaur (Vaults:1)
  A harpy skeleton (Vaults:1)
  A redback (Spider:1)
  2 swamp worms
  2 insubstantial wisps (Swamp:4)
  2 boggarts (Vaults:2)
  6 centaurs
  An orc (Orc:2)
  5 briar patches
  A fungus (Lair:6)
  A plant (Lair:6)
  4 toadstools (Swamp:1)
35 creatures vanquished.

Grand Total: 1515 creatures vanquished

Notes
Turn   | Place    | Note
-------+----------+-------------------------------------------
     0 | D:1      | shmeve the Minotaur Fighter began the quest for the Orb.
     0 | D:1      | Reached XP level 1. HP: 19/19 MP: 0/0
    33 | D:1      | Reached XP level 2. HP: 24/27 MP: 1/1
   144 | D:1      | You fall through a shaft!
   149 | D:2      | Reached skill level 1 in Throwing
   150 | D:2      | Reached XP level 3. HP: 27/33 MP: 2/2
   310 | D:2      | Reached skill level 1 in Dodging
   326 | D:2      | Reached XP level 4. HP: 39/40 MP: 3/3
   396 | D:2      | Noticed an ice beast
   402 | D:2      | Killed an ice beast
   402 | D:2      | Reached XP level 5. HP: 47/47 MP: 4/4
  1200 | D:3      | Found a faded altar of an unknown god.
  1313 | D:4      | Noticed Sigmund
  1319 | D:4      | Killed Sigmund
  1319 | D:4      | Reached skill level 5 in Fighting
  1319 | D:4      | Reached skill level 5 in Shields
  1319 | D:4      | Reached XP level 6. HP: 47/56 MP: 5/5
  1490 | D:4      | Found a radiant altar of Vehumet.
  1498 | D:4      | Reached XP level 7. HP: 61/61 MP: 6/6
  1757 | D:5      | Entered Level 5 of the Dungeon
  2138 | D:5      | Reached skill level 5 in Axes
  2223 | D:5      | Found a staircase to the Ecumenical Temple.
  2228 | Temple   | Entered the Ecumenical Temple
  2303 | D:5      | Reached skill level 5 in Armour
  2373 | D:5      | Reached XP level 8. HP: 68/70 MP: 7/7
  3189 | Temple   | Became a worshipper of Trog the Wrathful
  3531 | D:6      | Reached skill level 5 in Throwing
  3591 | D:6      | Reached XP level 9. HP: 57/79 MP: 8/8
  4103 | D:7      | Found an ornate altar of the Wu Jian Council.
  4228 | D:7      | Reached * piety under Trog
  4587 | D:7      | Found a runed door.
  4587 | D:7      | Noticed Moonstruck's ghost (novice VSFi)
  4602 | D:7      | Killed Moonstruck's ghost
  4721 | D:7      | Noticed a troll
  4727 | D:7      | Killed a troll
  5331 | D:8      | Found Lopnoax's Gadget Shoppe.
  5364 | D:8      | Reached XP level 10. HP: 88/90 MP: 9/9
  5394 | D:8      | Found Sinuhe's Food Boutique.
  5558 | D:8      | Found a transporter.
  5565 | D:8      | Noticed shummie's ghost (novice MiBe)
  5580 | D:8      | Killed shummie's ghost
  5580 | D:8      | Reached skill level 5 in Dodging
  5581 | D:8      | Found a transporter.
  5617 | D:8      | Found Serar's Magic Scroll Emporium.
  5672 | D:8      | Found Mozeaj's Food Shoppe.
  6002 | D:9      | Reached ** piety under Trog
  6037 | D:9      | Noticed Prince Ribbit
  6044 | D:9      | Killed Prince Ribbit
  6140 | D:9      | Found a staircase to the Orcish Mines.
  6540 | D:9      | Noticed Erica
  6540 | D:9      | Noticed a two-headed ogre
  6556 | D:9      | Killed Erica
  6556 | D:9      | Killed a two-headed ogre
  6556 | D:9      | Reached XP level 11. HP: 76/99 MP: 10/10
  6774 | D:9      | Reached skill level 10 in Shields
  6801 | D:10     | Entered Level 10 of the Dungeon
  6874 | D:10     | Reached *** piety under Trog
  6911 | D:10     | Found a flagged portal.
  6938 | Bailey   | Entered a bailey
  7184 | Bailey   | Noticed an orc knight
  7184 | Bailey   | Noticed an orc knight
  7206 | Bailey   | Killed an orc knight
  7206 | Bailey   | Reached skill level 10 in Fighting
  7207 | Bailey   | Killed an orc knight
  7255 | Bailey   | Noticed an orc knight
  7274 | Bailey   | Killed an orc knight
  7274 | Bailey   | Reached skill level 10 in Axes
  7739 | D:10     | Reached **** piety under Trog
  8336 | D:11     | Received a gift from Trog
  8584 | D:11     | Noticed a death yak
  8586 | D:11     | Found a staircase to the Lair.
  8586 | D:11     | Noticed a death yak
  8592 | D:11     | Killed a death yak
  8594 | D:11     | Noticed a death yak
  8606 | D:11     | Killed a death yak
  8606 | D:11     | Reached XP level 12. HP: 20/110 MP: 11/11
  8607 | D:11     | Killed a death yak
  9166 | D:11     | Found Vas Man's Antique Armour Emporium.
  9375 | D:12     | Noticed a two-headed ogre
  9386 | D:12     | Killed a two-headed ogre
  9557 | D:12     | Reached ***** piety under Trog
  9744 | D:12     | Noticed a two-headed ogre
  9752 | D:12     | Killed a two-headed ogre
  9940 | D:12     | Received a gift from Trog
 10318 | D:12     | You fall through a shaft for 3 floors!
 10318 | D:15     | Entered Level 15 of the Dungeon
 10318 | D:15     | Noticed an eight-headed hydra
 10327 | D:15     | Killed a ten-headed hydra
 10492 | D:15     | Noticed a tengu warrior
 10505 | D:15     | Killed a tengu warrior
 10567 | D:15     | Found Xot Woum's Food Emporium.
 10621 | D:15     | Noticed a dire elephant
 10626 | D:15     | Reached skill level 10 in Throwing
 10626 | D:15     | Reached XP level 13. HP: 118/118 MP: 12/12
 10630 | D:15     | Killed a dire elephant
 10767 | D:15     | Found a staircase to the Depths.
 10826 | D:15     | Identified a scroll of acquirement
 11254 | D:14     | Received a gift from Trog
 11278 | D:14     | Found Hahepiud's Distillery.
 11315 | D:14     | Bought a potion of heal wounds for 85 gold pieces
 11315 | D:14     | Bought a potion of might for 68 gold pieces
 11315 | D:14     | Bought a potion of might for 68 gold pieces
 12141 | D:13     | Reached skill level 10 in Armour
 12563 | D:13     | Reached XP level 14. HP: 106/129 MP: 13/13
 12842 | D:14     | Paralysed by a wizard for 2 turns
 13038 | D:14     | Found the +6 lightning scales {run, rElec}
 13091 | D:14     | Found a gate to the Vaults.
 13148 | D:14     | Received a gift from Trog
 13167 | D:14     | Got a scorched bone ring
 13215 | D:14     | Identified the ring "Sumobaen" {SInv Stlth+} (You found it on level 14 of the Dungeon)
 13771 | D:15     | Received a gift from Trog
 14509 | Lair:1   | Entered Level 1 of the Lair of Beasts
 14524 | Lair:1   | Got a translucent ring mail
 14525 | Lair:1   | Identified the +1 ring mail of the Vaults {*Contam Regen+ rCorr Str-2} (You found it on level 1 of the Lair of Beasts)
 15003 | Lair:2   | Found a staircase to the Swamp.
 15536 | Lair:2   | Received a gift from Trog
 15731 | Lair:2   | Received a gift from Trog
 16473 | Lair:3   | Found a hole to the Spider Nest.
 17103 | Lair:4   | Received a gift from Trog
 17910 | Lair:5   | Reached XP level 15. HP: 139/139 MP: 14/14
 18721 | Lair:6   | Entered Level 6 of the Lair of Beasts
 18876 | Lair:6   | Found a staircase to the Slime Pits.
 18876 | Lair:6   | Found a viscous altar of Jiyva.
 19074 | Lair:6   | Reached skill level 15 in Shields
 19180 | Lair:6   | Reached skill level 10 in Dodging
 19394 | Lair:6   | Received a gift from Trog
 19399 | Lair:6   | Reached skill level 15 in Fighting
 19890 | Orc:1    | Entered Level 1 of the Orcish Mines
 20030 | Orc:2    | Entered Level 2 of the Orcish Mines
 20030 | Orc:2    | Found a staircase to the Elven Halls.
 20031 | Orc:2    | Received a gift from Trog
 20042 | Orc:2    | Reached skill level 15 in Axes
 20185 | Orc:2    | Found a roughly hewn altar of Beogh.
 20252 | Orc:2    | Noticed Rupert
 20258 | Orc:2    | Received a gift from Trog
 20265 | Orc:2    | Killed Rupert
 20389 | Orc:2    | Noticed Saint Roka
 20391 | Orc:2    | Reached ****** piety under Trog
 20395 | Orc:2    | Received a gift from Trog
 20410 | Orc:2    | Killed Saint Roka
 20420 | Orc:2    | Received a gift from Trog
 20455 | Orc:2    | Found Tesunylo's Antique Weapon Emporium.
 20456 | Orc:2    | Found a roughly hewn altar of Beogh.
 20461 | Orc:2    | Found Dehaosk's Antique Armour Shoppe.
 20476 | Orc:2    | Bought a scorched ring mail for 198 gold pieces
 20476 | Orc:2    | Identified the +3 ring mail of the Ancient Emperors {rF+ Regen+} (You bought it in a shop on level 2 of the Orcish Mines)
 20690 | Orc:2    | Found a roughly hewn altar of Beogh.
 20690 | Orc:2    | Found Neucich's General Store.
 20697 | Orc:2    | Received a gift from Trog
 20739 | Orc:2    | Found a roughly hewn altar of Beogh.
 20740 | Orc:2    | Found Wocvuut's Distillery.
 20749 | Orc:2    | Reached XP level 16. HP: 149/149 MP: 15/15
 20785 | Orc:2    | Bought a potion of might for 52 gold pieces
 20785 | Orc:2    | Bought a potion of might for 52 gold pieces
 20785 | Orc:2    | Bought a potion of heal wounds for 65 gold pieces
 20785 | Orc:2    | Bought 2 potions of heal wounds for 130 gold pieces
 20785 | Orc:2    | Bought 2 potions of curing for 78 gold pieces
 20785 | Orc:2    | Bought a potion of curing for 39 gold pieces
 20863 | Orc:2    | Found a roughly hewn altar of Beogh.
 20935 | Orc:2    | Found a roughly hewn altar of Beogh.
 20947 | Orc:2    | Found a roughly hewn altar of Beogh.
 21110 | Swamp:1  | Entered Level 1 of the Swamp
 21161 | Swamp:1  | Noticed a thorn hunter
 21192 | Swamp:1  | Killed a thorn hunter
 21195 | Swamp:1  | Received a gift from Trog
 21592 | Swamp:1  | Found a frozen archway.
 22016 | Swamp:2  | Received a gift from Trog
 22881 | Swamp:3  | Noticed a thorn hunter
 22896 | Swamp:3  | Paralysed by a hornet for 1 turns
 22903 | Swamp:3  | Killed a thorn hunter
 23391 | Swamp:3  | Noticed a thorn hunter
 23401 | Swamp:3  | Killed a thorn hunter
 23700 | Swamp:4  | Entered Level 4 of the Swamp
 23733 | Swamp:4  | Got a translucent buckler
 23776 | Swamp:4  | Identified the +5 buckler of Elyvilon's Outrage {+Blink rCorr Dex-4} (You found it on level 4 of the Swamp)
 23997 | Swamp:4  | Noticed a thorn hunter
 24003 | Swamp:4  | Received a gift from Trog
 24008 | Swamp:4  | Killed a thorn hunter
 25030 | Swamp:4  | Noticed a bone dragon
 25045 | Swamp:4  | Killed a bone dragon
 25194 | Swamp:4  | Received a gift from Trog
 25291 | Swamp:4  | Got a decaying rune of Zot
 25770 | Spider:1 | Entered Level 1 of the Spider Nest
 25848 | Spider:1 | Reached XP level 17. HP: 157/159 MP: 16/16
 26306 | Spider:1 | Found a runed gate.
 26306 | Spider:1 | Found a runed gate.
 26306 | Spider:1 | Found a runed gate.
 26312 | Spider:1 | Noticed TheOneDM's ghost (adept DDGl)
 26353 | Spider:1 | Killed TheOneDM's ghost
 26604 | Spider:2 | Received a gift from Trog
 26827 | Spider:2 | Noticed Jorgrun
 26840 | Spider:2 | Killed Jorgrun
 27255 | Spider:2 | Received a gift from Trog
 27324 | Spider:2 | Received a gift from Trog
 27333 | Spider:2 | Got an iridescent battleaxe {god gift}
 28825 | Spider:3 | Received a gift from Trog
 28912 | Spider:3 | Got a warped shield
 28923 | Spider:3 | Identified the +4 shield "Zerur" {+Blink rN+ Dex-2} (You acquired it on level 3 of the Spider Nest)
 28935 | Spider:3 | Got a pair of jewelled gloves
 28946 | Spider:3 | Identified the +0 pair of gloves "Jafuol" {rPois} (You acquired it on level 3 of the Spider Nest)
 29214 | Spider:4 | Entered Level 4 of the Spider Nest
 29630 | Spider:4 | Noticed Arachne
 29642 | Spider:4 | Received a gift from Trog
 29646 | Spider:4 | Killed Arachne
 29646 | Spider:4 | Reached XP level 18. HP: 170/170 MP: 14/17
 30767 | Spider:4 | Got a gossamer rune of Zot
 31188 | Vaults:1 | Entered Level 1 of the Vaults
 31291 | Vaults:1 | Reached skill level 15 in Throwing
 31302 | Vaults:1 | Received a gift from Trog
 31336 | Vaults:1 | Found a ruined gateway.
 31574 | Vaults:1 | Received a gift from Trog
 31786 | Vaults:1 | Received a gift from Trog
 32108 | Vaults:1 | Got a pitted lead ring
 32727 | Vaults:2 | Reached XP level 19. HP: 142/179 MP: 6/18
 32780 | Vaults:2 | Received a gift from Trog
 32821 | Vaults:2 | Found Ichogokh's Book Boutique.
 33095 | Vaults:2 | Noticed Boris
 33107 | Vaults:2 | Killed Boris
 33321 | Vaults:2 | Received a gift from Trog
 34057 | Vaults:3 | Received a gift from Trog
 34398 | Vaults:3 | Received a gift from Trog
 34930 | Vaults:3 | Received a gift from Trog
 34932 | Vaults:3 | Found a staircase to the Crypt.
 35207 | Vaults:3 | Received a gift from Trog
 35536 | Vaults:4 | Received a gift from Trog
 35685 | Vaults:4 | Reached XP level 20. HP: 149/191 MP: 6/19
 35713 | Vaults:4 | Received a gift from Trog
 35798 | Vaults:4 | Paralysed by a great orb of eyes for 2 turns
 35866 | Vaults:4 | Received a gift from Trog
 35933 | Vaults:4 | HP: 3/191 [ironheart preserver/mace (15)]
 35936 | Vaults:4 | Killed from afar by a fire dragon

Skill      XL: |  1  2  3  4  5  6  7  8  9 10 11 12 13 14 15 16 17 18 19 20 |
---------------+-------------------------------------------------------------+-----
Fighting       | 4 5 6 7 8 9 11 12 13 14 15 16 17 18 19 | 19.2
Throwing       | 1 2 3 5 6 7 8 10 11 12 13 14 15 16 | 16.5
Axes           | 3 4 5 6 8 9 10 12 13 14 15 16 17 18 19 | 19.2
Shields        | 4 5 6 7 8 9 11 12 13 14 15 16 17 18 19 | 19.3
Dodging        | 1 2 3 4 5 6 7 8 9 10 11 12 13 | 13.2
Armour         | 4 5 6 7 8 9 10 11 12 13 14 | 14.4

Action                   |  1- 3 |  4- 6 |  7- 9 | 10-12 | 13-15 | 16-18 | 19-21 || total
-------------------------+-------+-------+-------+-------+-------+-------+-------++-------
Melee: War axe           |    42 |    79 |   254 |   498 |    19 |   102 |   540 ||  1534
       Headbutt          |     4 |    14 |    55 |   140 |   185 |   274 |   181 ||   853
       Broad axe         |       |       |       |       |   749 |  1056 |       ||  1805
Throw: Tomahawk          |       |       |     4 |    15 |    40 |       |       ||    59
       Javelin           |       |       |       |       |   127 |   181 |    49 ||   357
Invok: Berserk           |       |       |     1 |    13 |    15 |    18 |     9 ||    56
       Trog's Hand       |       |       |       |     5 |     6 |     9 |     3 ||    23
       Brothers in Arms  |       |       |       |       |     1 |     2 |     2 ||     5
  Use: Potion            |       |     1 |       |     4 |       |    16 |     5 ||    26
       Scroll            |       |       |       |     8 |    27 |     4 |     1 ||    40
 Stab: Held in net/web   |       |       |       |       |       |     1 |       ||     1
       Distracted        |       |       |       |       |       |       |     1 ||     1
  Eat: Chunk             |       |     2 |    15 |    23 |    39 |    30 |    14 ||   123
       Ration            |       |       |       |     3 |     3 |     9 |     2 ||    17
Armor: Scale mail        |    33 |    42 |    30 |       |       |       |       ||   105
       Chain mail        |       |       |    21 |       |       |       |       ||    21
       Plate armour      |       |       |    44 |   243 |   295 |   674 |   154 ||  1410
Dodge: Dodged            |    28 |    37 |    63 |   223 |   200 |   453 |   107 ||  1111
Block: Shield            |    41 |    72 |   189 |   637 |   711 |  1386 |   451 ||  3487
       Reflection        |       |     2 |     2 |    12 |    45 |    55 |    35 ||   151
